 Dungeon Crawl Stone Soup version 0.29-a0-333-gb4c28e87c6 (webtiles) character file.

Game seed: 11993978826333325231

200 GordonOverkill the Archer (level 5, -9/29 HPs)
             Began as a Deep Elf Hunter on Apr 13, 2022.
             Killed by nerve-wracking pain
             ... invoked by Grinder
              (14 damage)
             ... on level 3 of the Dungeon.
             The game lasted 00:06:10 (3415 turns).

GordonOverkill the Archer (Deep Elf Hunter)         Turns: 3415, Time: 00:06:11

Health: -9/29      AC:  6    Str: 10    XL:     5   Next: 49%
Magic:  0/7        EV: 16    Int: 14    God:
Gold:   90         SH:  0    Dex: 18    Spells: 4/4 levels left

rFire   . . .      SeeInvis .   b - +2 dagger (elec)
rCold   . . .      Faith    .   (no shield)
rNeg    . . .      Spirit   +   u - +0 leather armour
rPois   .          Reflect  .   p - +0 helmet
rElec   .          Harm     .   m - +0 cloak
rCorr   .          Rampage  .   o - +0 pair of gloves
Will    .....                   (no boots)
Stlth   ++........              f - amulet of guardian spirit
HPRegen 0.09/turn               x - +4 ring of evasion
MPRegen 0.10/turn               (no ring)

@: hasted, very quick
A: no striking features
a: no special abilities


You were on level 3 of the Dungeon.
You visited 1 branch of the dungeon, and saw 3 of its levels.

You collected 90 gold pieces.

Inventory:

Hand Weapons
 a - a +1 shortbow
 b - a +2 dagger of electrocution (weapon)
Armour
 m - a +0 cloak (worn)
 o - a +0 pair of gloves (worn)
 p - a +0 helmet (worn)
 u - a +0 leather armour (worn)
Jewellery
 f - an amulet of guardian spirit (around neck)
 x - a +4 ring of evasion (left hand)
Scrolls
 c - a scroll of immolation
 d - 2 scrolls of fear
 k - a scroll of teleportation
 n - a scroll of fog {unknown}
 q - a scroll of identify
 s - a scroll of amnesia {unknown}
 v - a scroll of enchant weapon {unknown}
 w - a scroll of summoning
Potions
 g - a potion of cancellation {unknown}
 h - a potion of ambrosia {unknown}
 j - a potion of lignification
 l - a potion of magic
 r - a potion of flight {unknown}
 t - a potion of mutation {unknown}
 z - a potion of might {unknown}


   Skills:
 - Level 1.5 Fighting
 + Level 1.7 Short Blades
 + Level 8.6 Bows
 - Level 2.4 Dodging
 - Level 1.2 Stealth


You had 4 spell levels left.
You didn't know any spells.
Your spell library was empty.

Dungeon Overview and Level Annotations

Branches:
Dungeon (3/15)

Altars:

Annotations:
D:3 1 runed translucent door, Grinder; ouz's ghost, amateur OpTm


Message History

You writhe in agony.
* * * LOW HITPOINT WARNING * * *
You barely miss Grinder.
Grinder is heavily wounded.
You hit Grinder but do no damage.
Grinder is heavily wounded.
Grinder hits you but does no damage.
Okay, then.
You closely miss Grinder.
Grinder is heavily wounded.
You feel less wooden.
Your +0 cloak unmelds from your body.
Your +0 helmet unmelds from your body.
Your +0 pair of gloves unmelds from your body.
Your +0 leather armour unmelds from your body.
Grinder gestures at you. You resist with significant effort.
You closely miss Grinder.
Grinder is heavily wounded.
You barely miss Grinder.
Grinder is heavily wounded.
Grinder misses you.
You hit Grinder.
Grinder is heavily wounded.
You hit Grinder but do no damage.
Grinder is heavily wounded.
Grinder hits you.
You writhe in agony.
* * * LOW HITPOINT WARNING * * *
You hit Grinder but do no damage.
Grinder is heavily wounded.
Grinder barely misses you.
You hit Grinder.
Grinder is heavily wounded.
You hit Grinder. Lightning courses through Grinder!
Grinder is almost dead.
Grinder hits you but does no damage.
You hit Grinder but do no damage.
Grinder is almost dead.
Grinder gestures at you. Pain shoots through your body!
You die...

#....... #.##.#.. #.##.#..
#.##...# #.###.## #.####.#
### ####### ###
######....... ##.##
#.†...###)###.......###..
##.#.###.###.##@#.##.#####.#
#.. #.#.....†#
#..5###oo....##.# ##.
##...###.# #.##.#.5.<......#
## ##.##
#.....##.o###.##.#..# # #.#
########.## #.##.#..# # #.#
#.# #.......# # #.### o..
#.#..#.## # #...# .o..#
#.......##### #.#.# .....#
#.......#.^.[


You could see Grinder.

Vanquished Creatures
  An orc priest (D:3)
  An iguana (D:2)
  An orc wizard (D:3)
  Robin (D:2)
  2 adders
  2 worms
  A dart slug (D:1)
  3 orcs (D:3)
  6 endoplasms
  4 giant cockroaches
  9 goblins
  10 hobgoblins
  7 jackals
  2 quokkas
  6 ball pythons
  5 bats
  2 frilled lizards (D:2)
  4 kobolds
  4 rats
71 creatures vanquished.

Vanquished Creatures (others)
  2 fungi (D:2)
  6 plants (D:2)
8 creatures vanquished.

Grand Total: 79 creatures vanquished

Notes
Turn   | Place    | Note
-------+----------+-------------------------------------------
     0 | D:1      | GordonOverkill the Deep Elf Hunter began the quest for the
                  | Orb.
     0 | D:1      | Reached XP level 1. HP: 12/12 MP: 3/3
   327 | D:1      | Reached skill level 6 in Bows
   327 | D:1      | Reached XP level 2. HP: 16/16 MP: 4/4
  1389 | D:2      | Reached skill level 7 in Bows
  1389 | D:2      | Reached XP level 3. HP: 11/20 MP: 2/5
  1547 | D:2      | Noticed Robin
  1624 | D:2      | Killed Robin
  1625 | D:2      | Reached XP level 4. HP: 25/25 MP: 6/6
  2416 | D:2      | Found a faded altar of an unknown god.
  2515 | D:2      | Reached skill level 8 in Bows
  3008 | D:3      | Found a runed translucent door.
  3016 | D:3      | Noticed ouz's ghost (amateur OpTm)
  3056 | D:3      | Noticed Grinder
  3156 | D:3      | Reached XP level 5. HP: 29/29 MP: 7/7
  3201 | D:3      | Paralysed by Grinder for 3 turns
  3359 | D:3      | Reached skill level 1 in Short Blades
  3415 | D:3      | Killed from afar by Grinder

Illustrated notes

Levels and vault maps discovered:
D:1:      dpeg_arrival_line_fractal, layout_basic
D:2:      layout_basic, shapermc_ecumenical_altar_hornbeckon, uniq_robin
D:3:      layout_loops_cross, mainiacjoe_overflow_swirl, ebering_ghost_sewer_d,
          uniq_terence, uniq_grinder, uniq_ijyb

Skill      XL: |  1  2  3  4  5 |
---------------+----------------+-----
Bows           | 6 7 8 |  8.6
Short Blades   | 1 |  1.7
Fighting       | |  1.5
Dodging        | |  2.4
Stealth        | |  1.2

Action                   |  1- 3 |  4- 6 || total
-------------------------+-------+-------++-------
Melee: Dagger            |       |    21 ||    21
 Fire: Shortbow          |    64 |   137 ||   201
  Use: Scroll            |     5 |     1 ||     6
       Potion            |       |     4 ||     4
Armor: Leather armour    |    11 |    36 ||    47
       Skin              |       |    13 ||    13
Dodge: Dodged            |    13 |    52 ||    65

Table legend: (Time is in decaauts)
 A = Elapsed time spent in this place.
 B = Non-inter-level travel time spent in this place.
 C = Inter-level travel time spent in this place.
 D = Time resting spent in this place.
 E = Time spent auto-exploring this place.
 F = Levels seen in this place.
 G = Mean time per level.
                   A        B        C        D        E       F      G
               +--------+--------+--------+--------+--------+-----+--------+
         Total |   3447 |   3243 |    204 |   1109 |   1498 |   3 | 1149.0 |
       Dungeon |   3447 |   3243 |    204 |   1109 |   1498 |   3 | 1149.0 |
               +--------+--------+--------+--------+--------+-----+--------+

Top non-repeatable levels by time:
     D:1: 1867 daAuts
     D:2: 1110 daAuts
     D:3: 469 daAuts
